Unix NetHack Version 3.7.0-89 Work-in-progress - last build Nov 29 2023 03:14:05 (8663f69846b387d428bf56816b0fc57e108cd183,branch:master). Game began 2023-12-03 08:24:11, ended 2023-12-03 15:28:14. spontiff, neutral male gnomish Healer -- --- --.--.-------- --............-- |.......--..-.. -- |..--....|...| .--- -----....e...--....| | -----....F.B@......Z......- |...................#------ | - -----..---....-h..| --- |...r....-- --........| --........| ---.........| --...........-- |.............-- |..............| ----..........-- --..)...|..-- |......----- --.|.--- ----- Spontiff the Rhizotomist St:12 Dx:10 Co:15 In:8 Wi:18 Ch:17 Neutral S:3671 Dlvl:7 $:0 HP:0(29) Pw:13(13) AC:-3 Xp:2/32 T:6696 Fainted Burdened Deaf Latest messages: The orc zombie misses! You hit the orc zombie. You miss the orc zombie. You hit the orc zombie. The orc zombie hits! You hit the orc zombie. The orc zombie turns to flee. You hit the orc zombie. You hit the orc zombie. You hit the orc zombie. The orc zombie suddenly disappears! You hit the newt. The newt misses! You hit the newt. You miss the newt. The newt bites! You kill the newt! You see here a newt corpse. You faint from lack of food. You dream that you hear crashing rock. You regain consciousness. There is a newt corpse here; eat it? [ynq] (n) y This newt corpse is tough. You are still weak. You finish eating the newt corpse. You don't have anything to drink. What do you want to use or apply? [efklostwxzSYZ or ?*] f You fall down the stairs. The grid bug bites! You get zapped! You hit the grid bug. The grid bug misses! The grid bug misses! You kill the grid bug! You kill the grid bug! The giant bat misses! You miss the giant bat. The giant bat bites! The giant bat bites! You faint from lack of food. The giant bat misses! The giant bat bites! The giant bat bites! The giant bat misses! The giant bat misses! The giant bat bites! The giant bat bites! You die... Do you want your possessions identified? [ynq] (y) y Do you want to see the dungeon overview? [ynq] (y) q Inventory: Armor h - a blessed +0 dwarvish iron helm (being worn) g - an uncursed +1 pair of leather gloves (being worn) v - an uncursed +0 pair of low boots (being worn) r - an uncursed +0 small shield (being worn) q - an uncursed +0 dwarvish cloak (being worn) d - an uncursed +0 leather armor (being worn) Comestibles y - an uncursed apple n - an uncursed food ration Wands Z - a cursed wand of create monster (0:11) S - an uncursed wand of sleep (0:5) Y - a cursed wand of slow monster (0:4) Tools f - an uncursed bag of holding containing 74 items z - an uncursed leash e - an uncursed magic marker (0:76) w - an uncursed mirror x - an uncursed oil lamp k - an uncursed skeleton key s - an uncursed stethoscope o - an uncursed tin whistle t - an uncursed towel Gems/Stones E - an uncursed citrine stone l - an uncursed luckstone Contents of the bag of holding: 4621 gold pieces a cursed amulet of strangulation a blessed +1 arrow 115 uncursed +0 arrows a blessed +2 dart 44 uncursed +0 darts a cursed +0 dart a cursed -3 dart 2 uncursed +0 orcish daggers an uncursed +0 orcish helm an uncursed +0 pair of leather gloves an uncursed +0 pair of water walking boots a cursed +0 cloak of magic resistance a cursed +0 cloak of magic resistance an uncursed +0 dwarvish cloak a cursed food ration 2 uncursed fortune cookies a cursed lembas wafer a cursed orange 2 cursed pears 2 cursed lichen corpses an uncursed scroll of confuse monster 2 uncursed scrolls of create monster an uncursed scroll of destroy armor a cursed scroll of destroy armor a cursed scroll of enchant armor a cursed scroll of enchant weapon 2 uncursed scrolls of identify 3 cursed scrolls of identify 2 cursed scrolls of light an uncursed scroll of magic mapping 2 uncursed scrolls of remove curse an uncursed scroll of taming a cursed scroll of teleportation an uncursed spellbook of confuse monster a blessed spellbook of healing a cursed potion of blindness a cursed potion of confusion 4 uncursed potions of extra healing an uncursed potion of fruit juice an uncursed potion of healing a cursed potion of healing an uncursed potion of object detection an uncursed potion of oil a cursed potion of oil a cursed potion of restore ability an uncursed potion of see invisible 5 uncursed potions of water an uncursed +1 ring of adornment a cursed ring of conflict an uncursed ring of polymorph an uncursed ring of protection from shape changers an uncursed ring of teleport control a cursed ring of teleport control a cursed wand of lightning (0:5) an uncursed wand of magic missile (0:7) a cursed wand of sleep (0:3) an uncursed wand of striking (0:7) a cursed wand of striking (0:0) an uncursed brass lantern a cursed figurine of a quivering blob an uncursed magic marker (0:85) an uncursed magic marker (0:42) a cursed magic marker (0:50) an uncursed +0 pick-axe an uncursed tallow candle an uncursed amber stone an uncursed worthless piece of black glass 2 uncursed worthless pieces of green glass a cursed worthless piece of green glass an uncursed worthless piece of orange glass an uncursed worthless piece of red glass 2 uncursed worthless pieces of yellow glass an uncursed worthless piece of yellowish brown glass Spontiff the Healer's attributes: Background: You were a Rhizotomist, a level 2 male gnomish Healer. You were neutral, on a mission for Hermes who was opposed by Athena (lawful) and Poseidon (chaotic). You were in the Gnomish Mines, on level 7. You entered the dungeon 6696 turns ago. You had 32 experience points, 8 more were needed to attain level 3. Your score was 3671 before end-of-game adjustments. Basics: You had 0 out of 29 hit points. You had all 13 energy points (spell power). Your armor class was -3. Your wallet was empty, but you had 4621 zorkmids stashed away in your pack. Autopickup was on for '$!/="?' plus thrown, with exceptions. Final Characteristics: Your strength was 12 (base:13, limit:18/50). Your dexterity was 10 (limit:18). Your constitution was 15 (limit:18). Your intelligence was 8 (limit:19). Your wisdom was 18 (limit:18). Your charisma was 17 (limit:18). Final Status: You were deaf. You were fainted due to starvation. You were burdened; movement was slightly slowed. You were empty handed. You were unskilled in bare handed combat. Final Attributes: You were piously aligned. You were poison resistant. You had infravision. You had a small defense bonus (+5). You were warded. You were lucky. You had extra luck. Bad luck did not time out for you. Good luck did not time out for you. You are dead. Miscellaneous: You encountered 1 bones level. Total elapsed playing time was 1 hour, 57 minutes and 26 seconds. Major events: Turn 1: spontiff the neutral male gnomish Healer entered the dungeon 742: entered the Gnomish Mines 2784: reached Mine Town 6696: killed by a giant bat, while fainted from lack of food Vanquished creatures: 2 ghosts 3 small mimics 4 watchmen a gnome ruler a shrieker 5 dwarves 2 homunculi 2 wererats 5 iguanas 2 acid blobs a coyote 2 gas spores 2 hobbits a large kobold a hobgoblin 3 giant rats 3 yellow molds a green mold 9 gnomes 3 gnome zombies 7 geckos 10 jackals a fox 2 kobolds 6 goblins 9 sewer rats 13 grid bugs 2 bats 10 lichens 3 kobold zombies 14 newts 130 creatures vanquished. No species were genocided or became extinct. Voluntary challenges: You never hit with a wielded weapon. You were illiterate. You never engraved Elbereth. You never genocided any monsters. You never polymorphed an object. You never changed form. You used no wishes. Achievements: You entered the Gnomish Mines. You entered a shop. You entered Minetown. You entered a temple. The Dungeons of Doom: levels 1 to 6 Level 1: A sink. Level 2: A weapon shop. Stairs down to The Gnomish Mines. Level 3: Some fountains, a sink. Level 4: "Stashlet" Level 5: Level 6: The Gnomish Mines: levels 3 to 7 Level 3: "magic trap" Level 4: Some graves. Final resting place for Raisse-Wiz-Orc-Fem-Cha, killed by a hobbit, Raisse-Wiz-Orc-Fem-Cha, killed by a potion of acid. Level 5: Level 6: Many shops, a temple and an altar, some fountains. Level 7: <- You were here. Final resting place for you, killed by a giant bat, while fainted from lack of food. Game over: ---------- / \ / REST \ / IN \ / PEACE \ / \ | spontiff | | 4621 Au | | killed by a | | giant bat | | | | | | 2023 | *| * * * | * _________)/\\_//(\/(/\)/\//\/|_)_______ Goodbye spontiff the Healer... You died in The Gnomish Mines on dungeon level 7 with 3348 points, and 4621 pieces of gold, after 6696 moves. You were level 2 with a maximum of 29 hit points when you died.